AoeStats
← NickN1ght0ne

Arena

508743688Analyzed
1v1 RM · 8d ago on Sep 23, 2026· 69m 49s· 2 players
Game mode
Random Map
Map size
Tiny (2 player)
Population
200
Speed
Normal
Resources
Standard
Victory
Conquest
Starting age
Dark Age
Ending age
Imperial Age
RankedLock teamsTeams togetherTeam positionsShared explorationLock speedFull tech treeHidden civsTurbo modeCheats
Victory
Defeat
🇦🇷 Vikings · Argentina
410
+18
🇩🇪 Britons · Germany
456
-18
LeomaX99
12:52 Feudal Age
13:43 Double-Bit Axe
22:48 Castle Age
21:42 Fletching
22:03 Forging
21:53 Scale Mail Armor
21:58 Scale Barding Armor
24:18 Horse Collar
24:50 Bow Saw
25:20 Elite Skirmisher
26:03 Bodkin Arrow
25:44 Man-at-Arms
26:57 Ballistics
26:19 Treadmill Crane
26:53 Fortified Wall
29:36 Heavy Plow
29:39 Arson
33:44 Imperial Age
37:09 Town Watch
42:12 Bracer
42:47 Iron Casting
42:13 Scale Mail Armor
44:06 Chemistry
42:52 Arrowslits
44:26 Loom
44:42 Town Patrol
44:56 Crossbowman
46:38 Stone Mining
46:41 Gold Mining
48:24 Chieftains
49:07 Conscription
48:57 Cavalier
49:12 Long Swordsman
49:14 Pikeman
50:13 Two-Handed Swordsman
50:17 Elite Berserk
52:48 Two-Man Saw
54:49 Fervor
56:10 Bogsveigar
57:06 Arrowslits
57:18 Murder Holes
59:25 Iron Casting
58:50 Scale Mail Armor
58:55 Scale Barding Armor
58:51 Padded Archer Armor
61:29 Gold Shaft Mining
61:39 Guard Tower
62:52 Arbalester
NickN1ght0ne
10:06 Feudal Age
17:40 Castle Age
15:35 Double-Bit Axe
16:10 Horse Collar
23:11 Bow Saw
24:16 Fletching
28:32 Bodkin Arrow
31:03 Scale Mail Armor
31:07 Padded Archer Armor
33:08 Ballistics
39:27 Imperial Age
40:12 Treadmill Crane
40:36 Bracer
42:11 Wheelbarrow
44:41 Forging
44:38 Scale Barding Armor
44:50 Cavalier
45:32 Husbandry
45:38 Gold Mining
48:36 Gold Shaft Mining
48:46 Iron Casting
48:32 Chain Barding Armor
48:55 Light Cavalry
51:33 Gold Shaft Mining
50:50 Stone Mining
54:17 Hand Cart
58:35 Siege Engineers
59:31 Chemistry
58:29 Murder Holes
58:49 Masonry
60:30 Heavy Plow
61:36 Two-Man Saw
61:44 Town Watch
61:45 Loom
Connection lost

Rejoining the realm…

Still unreachable

The connection could not be restored.

Session expired

The server has moved on; the page needs a fresh start.